 Dungeon Crawl Stone Soup version 0.29-a0-515-g7c1fb6cc08 (webtiles) character file.

Game seed: 9455952057987355917

103 Colgate the Cutter (level 5, 0/31 HPs)
             Began as a Kobold Brigand on May 30, 2022.
             Was a Follower of Okawaru.
             Slain by Grinder (9 damage)
             ... on level 3 of the Dungeon.
             The game lasted 00:08:40 (2324 turns).

Colgate the Cutter (Kobold Brigand)                 Turns: 2324, Time: 00:08:40

Health: 0/31       AC:  4    Str:  8    XL:     5   Next: 6%
Magic:  13/14      EV: 18    Int: 12    God:    Okawaru [*.....]
Gold:   101        SH:  0    Dex: 19    Spells: 4/4 levels left

rFire   . . .      SeeInvis .   a - +2 dagger
rCold   . . .      Faith    .   (no shield)
rNeg    . . .      Spirit   .   o - +0 robe
rPois   .          Reflect  .   i - +0 helmet
rElec   .          Harm     .   c - +0 cloak
rCorr   .          Rampage  .   (no gloves)
Will    .....                   (no boots)
Stlth   ++++++....              (no amulet)
HPRegen 0.10/turn               h - ring of magical power
MPRegen 0.14/turn               (no ring)

@: heroic
A: small, no large weapons, nightstalker 3
a: Renounce Religion, Heroism


You were on level 3 of the Dungeon.
You worshipped Okawaru.
Okawaru was aware of your devotion.
You visited 1 branch of the dungeon, and saw 3 of its levels.

You collected 101 gold pieces.

Inventory:

Hand Weapons
 a - a +2 dagger (weapon)
 b - a +0 short sword
Missiles
 d - 12 poisoned darts (quivered)
Armour
 c - a +0 cloak (worn)
 i - a +0 helmet (worn)
 o - a +0 robe (worn)
Jewellery
 h - a ring of magical power (left hand)
Scrolls
 f - a scroll of teleportation {unknown}
 j - 2 scrolls of enchant weapon {unknown}
 k - 2 scrolls of magic mapping {unknown}
 m - a scroll of noise {unknown}
 n - a scroll of fog {unknown}
 q - a scroll of poison {unknown}
Potions
 g - 2 potions of curing {@q1}
 l - 2 potions of mutation
 p - a potion of haste {@q4}
 r - a potion of attraction {unknown}


   Skills:
 + Level 2.3(7.3) Fighting
 - Level 6.3(11.3) Short Blades
 - Level 2.1(7.1) Throwing
 - Level 1.2(6.2) Dodging
 - Level 5.3(10.3) Stealth


You had 4 spell levels left.
You didn't know any spells.
Your spell library contained the following spells:

 Spells                   Type           Power      Damage    Failure   Level
 Beastly Appendage        Tmut           0%         N/A       32%         1
 Static Discharge         Conj/Air       0%         N/A       45%         2
 Wereblood                Tmut           0%         N/A       45%         2
 Gell's Gravitas          Tloc           0%         N/A       69%         3
 Lesser Beckoning         Tloc           0%         N/A       69%         3
 Spider Form              Tmut/Pois      0%         N/A       69%         3
 Teleport Other           Tloc           0%         N/A       69%         3
 Dispel Undead            Necr           0%         3d6       97%         4
 Sticky Flame             Conj/Fire      0%         2d3       97%         4


Dungeon Overview and Level Annotations

Branches:
Dungeon (3/15)

Altars:
Okawaru

Annotations:
D:3 Grinder


Innate Abilities, Weirdness & Mutations

You are small and have problems with some larger weapons.
You are completely attuned to the shadows.


Message History

Unknown command.
Okay, then.
Okay, then.
Throw: 3 darts (curare)
Aim: Grinder (60% to hit)
Okay, then.
You gain the combat prowess of a mighty hero.
Throw: 3 darts (curare)
Aim: Grinder (64% to hit)
You throw a curare-tipped dart. The curare-tipped dart hits Grinder.
Grinder barely misses you.
Throw: 2 darts (curare)
Aim: Grinder (64% to hit)
You throw a curare-tipped dart. The curare-tipped dart hits Grinder.
Grinder barely misses you.
Throw: dart (curare)
Aim: Grinder (64% to hit)
You throw a curare-tipped dart. The curare-tipped dart hits Grinder.
Grinder gestures at you.
You suddenly lose the ability to move!
Grinder hits you.
You writhe in agony.
Grinder hits you but does no damage.
You can move again.
Unknown command.
Unknown command.
You barely miss Grinder. You hit Grinder. Grinder gestures at you.
Pain shoots through your body!
You barely miss Grinder. You barely miss Grinder.
You punch Grinder, but do no damage. Grinder gestures at you.
Pain shoots through your body!
* * * LOW HITPOINT WARNING * * *
You closely miss Grinder. You hit Grinder. You punch Grinder, but do no damage.
Grinder hits you but does no damage.
You hit Grinder but do no damage. You hit Grinder. Grinder hits you!
You die...

#.##.##........# #....#
#.##.##.......## #.##.#
#.......#####.# #.....
#.##.##.#####.# ####.#
#.##.##..^....## ##...
#....##........####.###
#.#####.)......##..## #
###...........##.#
....@.........##.## #
.##5####.##....##.###
#$ ..##....###... ..
#....# #### .#. #....#
#....# ##...## ######
#....# .....#####
#...##


You could see Grinder.

Vanquished Creatures
  A hound (D:3)
  2 worms (D:3)
  2 dart slugs (D:1)
  8 bats
  2 endoplasms (D:1)
  3 giant cockroaches
  5 goblins
  8 hobgoblins
  4 jackals (D:1)
  9 kobolds
  A quokka (D:2)
  6 ball pythons
  2 frilled lizards (D:2)
  6 rats
59 creatures vanquished.

Notes
Turn   | Place    | Note
-------+----------+-------------------------------------------
     0 | D:1      | Colgate the Kobold Brigand began the quest for the Orb.
     0 | D:1      | Reached XP level 1. HP: 12/12 MP: 1/1
   198 | D:1      | Reached skill level 3 in Short Blades
   212 | D:1      | Reached XP level 2. HP: 16/17 MP: 2/2
   402 | D:1      | Reached skill level 4 in Short Blades
   553 | D:1      | Reached XP level 3. HP: 21/21 MP: 3/3
  1222 | D:2      | Reached skill level 5 in Short Blades
  1372 | D:2      | Reached XP level 4. HP: 26/26 MP: 4/4
  1999 | D:3      | Found a faded altar of an unknown god.
  2009 | D:3      | Prayed at the altar of an unknown god.
  2009 | D:3      | Became a worshipper of Warmaster Okawaru
  2009 | D:3      | Reached * piety under Okawaru
  2202 | D:3      | Reached skill level 6 in Short Blades
  2202 | D:3      | Reached XP level 5. HP: 30/30 MP: 5/5
  2309 | D:3      | Noticed Grinder
  2314 | D:3      | Paralysed by Grinder for 2 turns
  2324 | D:3      | Slain by Grinder

Illustrated notes

Levels and vault maps discovered:
D:1:      pf_arrival_petrified_forest, layout_basic
D:2:      layout_basic, minmay_hexomino_p4
D:3:      layout_loops_cross, hellmonk_ecumenical_altar_zigzags,
          minmay_pentangle, uniq_jessica, uniq_grinder

Skill      XL: |  1  2  3  4 |
---------------+-------------+-----
Short Blades   | 3 4 5 6 |  6.3
Fighting       | |  2.3
Throwing       | |  2.1
Dodging        | |  1.2
Stealth        | |  5.3

Action                   |  1- 3 |  4- 6 || total
-------------------------+-------+-------++-------
Melee: Dagger            |    93 |    40 ||   133
       Punch             |       |     3 ||     3
Throw: Dart              |       |     3 ||     3
Invok: Heroism           |       |     1 ||     1
  Use: Scroll            |     1 |     3 ||     4
 Stab: Sleeping          |    14 |    13 ||    27
       Distracted        |     1 |       ||     1
Armor: Robe              |    18 |     6 ||    24
Dodge: Dodged            |    59 |    15 ||    74

Table legend: (Time is in decaauts)
 A = Elapsed time spent in this place.
 B = Non-inter-level travel time spent in this place.
 C = Inter-level travel time spent in this place.
 D = Time resting spent in this place.
 E = Time spent auto-exploring this place.
 F = Levels seen in this place.
 G = Mean time per level.
                   A        B        C        D        E       F      G
               +--------+--------+--------+--------+--------+-----+--------+
         Total |   2288 |   2138 |    150 |      0 |   1792 |   3 |  762.7 |
       Dungeon |   2288 |   2138 |    150 |      0 |   1792 |   3 |  762.7 |
               +--------+--------+--------+--------+--------+-----+--------+

Top non-repeatable levels by time:
     D:1: 1126 daAuts
     D:2: 677 daAuts
     D:3: 484 daAuts
